 Dungeon Crawl Stone Soup version 0.28-a0-1117-g0bdd5ba030 (webtiles) character file.

Game seed: 1576044281368920175

4337 flotson the Ogre Mage (level 10, -4/93 (98) HPs)
             Began as an Ogre Hedge Wizard on Dec 12, 2021.
             Was an Initiate of Gozag.
             Slain by a hornet zombie (11 damage)
             ... on level 8 of the Dungeon.
             The game lasted 00:31:37 (14082 turns).

flotson the Ogre Mage (Ogre Hedge Wizard)          Turns: 14082, Time: 00:31:40

HP:   -4/93 (98)    AC:  4    Str: 26    XL:     10   Next: 33%
MP:   0/19          EV: 10    Int: 15    God:    Gozag
Gold: 468           SH:  0    Dex:  8    Spells: 11/21 levels left

rFire   . . .      SeeInvis .   a - +2 dagger (drain)
rCold   . . .      Faith    .   (no shield)
rNeg    . . .      Spirit   +   m - +0 robe
rPois   +          Reflect  .   c - +0 hat
rElec   .          Harm     .   H - +0 cloak
rCorr   .          Rampage  .   (gloves unavailable)
Will    +....                   (boots unavailable)
Stlth   +.........              p - amulet of guardian spirit
HPRegen 0.25/turn               A - +6 ring of strength
MPRegen 0.16/turn               x - ring of poison resistance

@: drained
A: large, unfitting armour, tough skin 1
a: Renounce Religion, Potion Petition, Call Merchant, Bribe Branch


You were on level 8 of the Dungeon.
You worshipped Gozag.
Gozag was aware of your devotion.
You visited 2 branches of the dungeon, and saw 9 of its levels.

You collected 528 gold pieces.
You paid 60 gold pieces to Gozag.

Inventory:

Hand Weapons
 a - a +2 dagger of draining (weapon)
 b - a +1 hunting sling of freezing
 n - a +0 trident
Missiles
 j - 17 poisoned darts (quivered)
 v - 6 boomerangs
 w - 4 javelins
 y - 5 sling bullets
Armour
 c - a +0 hat (worn)
 m - a +0 robe (worn)
 H - a +0 cloak (worn)
Jewellery
 i - a ring of see invisible
 p - an amulet of guardian spirit (around neck)
 x - a ring of poison resistance (right hand)
 A - a +6 ring of strength (left hand)
 N - a ring of fire
Wands
 h - a wand of acid (7)
 r - a wand of iceblast (9)
 z - a wand of paralysis (12)
 E - a wand of digging (1)
Scrolls
 d - 6 scrolls of identify {unknown}
 g - 4 scrolls of fog {unknown}
 l - a scroll of silence {unknown}
 B - a scroll of enchant weapon {unknown}
 C - a scroll of blinking {unknown}
 D - a scroll of brand weapon {unknown}
 F - a scroll of holy word {unknown}
 G - a scroll of teleportation {unknown}
 I - a scroll of magic mapping {unknown}
 J - a scroll of amnesia {unknown}
Potions
 e - 3 potions of heal wounds {unknown}
 f - a potion of brilliance {unknown}
 k - 3 potions of curing {unknown}
 o - a potion of ambrosia {unknown}
 q - a potion of berserk rage {unknown}
 s - a potion of lignification {unknown}
 t - a potion of haste {unknown}
 u - a potion of magic {unknown}
 K - a potion of degeneration {unknown}
 L - a potion of mutation {unknown}
 M - a potion of resistance {unknown}
 O - a potion of might {unknown}


   Skills:
 + Level 6.0 Fighting
 + Level 4.3 Throwing
 + Level 3.7 Armour
 + Level 4.6 Dodging
 - Level 1.4 Stealth
 + Level 6.2 Spellcasting
 - Level 4.3 Conjurations
 - Level 3.0 Summonings
 - Level 3.1 Translocations
 + Level 3.8 Air Magic
 + Level 3.9 Poison Magic
 + Level 3.5 Evocations


You had 11 spell levels left.
You knew the following spells:

 Your Spells              Type           Power      Damage    Failure   Level
a - Magic Dart            Conj           68%        1d6       2%          1
b - Blink                 Tloc           28%        N/A       6%          2
c - Call Imp              Summ           13%        N/A       6%          2
d - Mephitic Cloud        Conj/Pois/Air  16%        N/A       9%          3
e - Summon Small Mammal   Summ           52%        N/A       4%          1
f - Apportation           Tloc           28%        N/A       4%          1

Your spell library contained the following spells:

 Spells                   Type           Power      Damage    Failure   Level
 Animate Skeleton         Necr           8%         N/A       14%         1
 Slow                     Hex            16%        N/A       14%         1
 Conjure Flame            Conj/Fire      11%        6-21      19%         3
 Sublimation of Blood     Necr           4%         N/A       22%         2
 Wereblood                Tmut           4%         N/A       22%         2
 Ozocubu's Armour         Ice            4%         N/A       41%         3
 Ozocubu's Refrigeration  Ice            2%         4d5       100%        7
 Summon Hydra             Summ           6%         N/A       100%        7


Dungeon Overview and Level Annotations

Branches:
Dungeon (8/15)             Temple (1/1) D:6
   Lair: D:8-11

Altars:
Ashenzari
Cheibriados
Elyvilon
Gozag
Kikubaaqudgha
Makhleb
Nemelex Xobeh
Okawaru
Qazlal
Ru
Sif Muna
Trog
Uskayaw
Vehumet
Xom
Yredelemnul
Zin
The Shining One


Innate Abilities, Weirdness & Mutations

You are too large for most types of armour.
You have tough skin. (AC +1)


Message History

Confirm with . or Enter, or press ? or * to list all spells.
Aiming: Magic Dart (safe; 2% risk of failure)
Press: ? - help, Shift-Dir - straight line, f/p - hornet zombie
Aim: a hornet zombie (heavily damaged, 100% to hit)
The magic dart hits the hornet zombie.
The hornet zombie is severely damaged.
The hornet zombie barely misses you.
Casting: Magic Dart (safe; 2% risk of failure)
Confirm with . or Enter, or press ? or * to list all spells.
Aiming: Magic Dart (safe; 2% risk of failure)
Press: ? - help, Shift-Dir - straight line, f/p - hornet zombie
Aim: a hornet zombie (severely damaged, 100% to hit)
The magic dart hits the hornet zombie.
The hornet zombie is severely damaged.
The hornet zombie hits you!
Casting: Magic Dart (safe; 2% risk of failure)
Confirm with . or Enter, or press ? or * to list all spells.
Aiming: Magic Dart (safe; 2% risk of failure)
Press: ? - help, Shift-Dir - straight line, f/p - hornet zombie
Aim: a hornet zombie (severely damaged, 100% to hit)
The magic dart hits the hornet zombie but does no damage.
The hornet zombie is severely damaged.
The hornet zombie hits you!
* * * LOW HITPOINT WARNING * * *
The hornet zombie hits you but does no damage.
Casting: Magic Dart (safe; 2% risk of failure)
Confirm with . or Enter, or press ? or * to list all spells.
The hornet zombie hits you!
* * * LOW HITPOINT WARNING * * *
Your rat bites the hornet zombie but does no damage.
The hornet zombie hits your rat.
Your rat dies!
Your rat's corpse disappears in a puff of smoke!
Casting: Summon Small Mammal (safe; 4% risk of failure)
Confirm with . or Enter, or press ? or * to list all spells.
The hornet zombie hits you!
* * * LOW HITPOINT WARNING * * *
The hornet zombie hits you!
You die...
Your body crumbles into a pile of gold.

.# .###### ......## ##.....#
##.....# ##.....# ####
#####'## #+# ....# ..#
#.##############.###.....#
..###..........b@Z...........#
..'.........#######..<##.....#
..#########.##........# ....#
### #...#.##.###.#### ...#
#.#.#.#....#.# ..#
#.#.#.#..#.#.# ##
#.#.#.#..#.#.# #.#.#....#.#.#
#.#.#.#..#.#.#


You could see a hornet zombie (ally target) and a friendly bat (summoned).

Vanquished Creatures
  Pikel (D:7)
  A wraith (D:7)
  6 yaks
  Menkaure (D:6)
  4 ogres
  4 necrophages
  2 lemures
  A centaur (D:6)
  A kobold brigand (D:7)
  4 bullfrogs
  3 scorpions
  A water moccasin zombie (D:6)
  Dowan (D:6)
  3 wights
  2 howler monkeys (D:7)
  A bullfrog zombie (D:7)
  A centaur zombie (D:8)
  2 hounds (D:4)
  2 jellies
  2 centaur skeletons
  4 orc priests
  2 bullfrog skeletons
  2 iguanas
  6 orc wizards
  3 adders
  2 white imps
  A worm (D:2)
  2 dart slugs
  18 orcs
  7 ball pythons
  5 bats
  10 endoplasms
  4 giant cockroaches
  8 goblins
  7 hobgoblins
  4 jackals (D:4)
  11 kobolds
  4 quokkas
  2 frilled lizards (D:3)
  4 rats
149 creatures vanquished.

Vanquished Creatures (collateral kills)
  2 yaks
  An iguana (D:4)
  An adder (D:3)
  A kobold (D:4)
5 creatures vanquished.

Vanquished Creatures (others)
  Duvessa (D:6)
  An adder (D:6)
  An orc (D:6)
  A kobold (D:7)
  3 plants (D:7)
7 creatures vanquished.

Grand Total: 161 creatures vanquished

Notes
Turn   | Place    | Note
-------+----------+-------------------------------------------
     0 | D:1      | flotson the Ogre Hedge Wizard began the quest for the Orb.
     0 | D:1      | Reached XP level 1. HP: 16/16 MP: 5/5
    25 | D:1      | Reached skill level 1 in Translocations
    82 | D:1      | Reached skill level 1 in Summonings
   319 | D:1      | Reached skill level 1 in Conjurations
   382 | D:1      | Reached XP level 2. HP: 24/26 MP: 6/6
   614 | D:1      | Learned a level 2 spell: Blink
   617 | D:1      | Learned a level 2 spell: Call Imp
   812 | D:1      | You fall into a shaft and drop 1 floor!
   866 | D:1      | Reached skill level 1 in Fighting
  1491 | D:2      | Reached XP level 3. HP: 9/33 MP: 2/8
  1495 | D:2      | Learned a level 3 spell: Mephitic Cloud
  1725 | D:2      | Found an iron altar of Okawaru.
  2178 | D:2      | Found a faded altar of an unknown god.
  2624 | D:3      | Found a large runed translucent door.
  2624 | D:3      | Found a large runed translucent door.
  2880 | D:3      | Noticed a scorpion
  2887 | D:3      | Reached XP level 4. HP: 32/41 MP: 9/9
  3816 | D:3      | Found a snail-covered altar of Cheibriados.
  3827 | D:3      | Found a hide-covered altar of Uskayaw.
  3914 | D:3      | Killed a scorpion
  3915 | D:3      | Reached XP level 5. HP: 32/49 MP: 9/11
  4053 | D:4      | Reached skill level 1 in Armour
  4236 | D:4      | Reached skill level 1 in Throwing
  4460 | D:4      | Reached skill level 1 in Air Magic
  4460 | D:4      | Reached skill level 1 in Poison Magic
  4460 | D:4      | Reached skill level 1 in Evocations
  4460 | D:4      | Reached XP level 6. HP: 24/57 MP: 12/12
  4877 | D:4      | Noticed a necrophage
  4888 | D:4      | Killed a necrophage
  5180 | D:5      | Entered Level 5 of the Dungeon
  5218 | D:5      | Noticed a yak
  5218 | D:5      | Noticed a yak
  5286 | D:4      | Killed a yak
  5287 | D:4      | Reached XP level 7. HP: 11/66 MP: 11/13
  5760 | D:5      | Noticed a yak
  5839 | D:4      | Killed a yak
  6113 | D:4      | Killed a yak
  6114 | D:4      | Reached XP level 8. HP: 28/75 MP: 0/14
  7788 | D:6      | Reached skill level 5 in Spellcasting
  7976 | D:6      | Learned a level 1 spell: Summon Small Mammal
  7978 | D:6      | Learned a level 1 spell: Apportation
  8198 | D:6      | Reached XP level 9. HP: 47/82 MP: 9/16
  8788 | D:6      | Noticed Menkaure
  8797 | D:6      | Killed Menkaure
  9559 | D:6      | Reached skill level 5 in Fighting
 10239 | D:6      | Noticed Dowan
 10329 | D:6      | Found a staircase to the Ecumenical Temple.
 10331 | D:6      | Noticed Duvessa
 10363 | D:6      | Killed Duvessa
 10567 | D:6      | Killed Dowan
 10709 | Temple   | Entered the Ecumenical Temple
 10768 | Temple   | Became a worshipper of Gozag Ym Sagoz the Greedy
 11138 | D:6      | Identified the +1 scale mail of Awor {-Tele rElec Regen+
                  | Int+4}
 11203 | D:7      | Noticed Pikel
 11489 | D:7      | Killed Pikel
 11490 | D:7      | Reached XP level 10. HP: 41/96 MP: 5/19
 12043 | D:7      | Found a sparkling altar of Nemelex Xobeh.
 12582 | D:7      | Found a glowing golden altar of the Shining One.
 12683 | D:7      | Found a radiant altar of Vehumet.
 14082 | D:8      | Slain by a hornet zombie

Illustrated notes

Levels and vault maps discovered:
D:1:      dpeg_arrival_boxorama, layout_loops_ring
D:2:      layout_basic, ebering_ecumenical_altar_rust, basic_altar,
          serial_rivers, chequers_serial_rivers_room_b,
          chequers_serial_rivers_small_b, chequers_serial_rivers_small_b,
          chequers_serial_rivers_micro_a, chequers_serial_rivers_large_a,
          chequers_serial_rivers_micro_b, minmay_misc_feat_square
D:3:      layout_rooms, jmf_multi_god_temple2, serial_co_window_serial,
          co_window_paths_a, co_window_paths_b, co_window_paths_a,
          co_window_corner_a, co_window_corner_a, co_window_paths_b,
          co_window_paths_a, co_window_broadway_a, co_window_of_opportunity_b,
          co_window_of_opportunity_b, co_window_corner_cb,
          co_window_unsneaky_path_c, glass_columns_c, glass_columns_b,
          glass_columns_c, grunt_decor_clamped
D:4:      nicolae_cairo_tiling_large_dashed, layout_gridville
D:5:      layout_rooms, kennysheep_boxes
D:6:      layout_loops_ring, minmay_temple_entry_sparse_star, minivault_26,
          chequers_serial_rivers_room_a, minmay_checkerbox, uniq_menkaure,
          uniq_duvessa
D:7:      layout_loops_ring, tso_oasis_becter, nicolae_overflow_squiral,
          uniq_pikel
D:8:      layout_basic
Temple:   nicolae_temple_elliptical

Skill      XL: |  1  2  3  4  5  6  7  8  9 10 |
---------------+-------------------------------+-----
Translocations | 1 2 3 |  3.1
Summonings     | 1 2 3 |  3.0
Conjurations   | 1 2 3 4 |  4.3
Fighting       | 1 2 3 4 5 6 |  6.0
Dodging        | 2 3 4 |  4.6
Spellcasting   | 4 5 6 |  6.2
Armour         | 1 2 3 |  3.7
Throwing       | 1 2 4 |  4.3
Air Magic      | 1 2 3 |  3.8
Poison Magic   | 1 2 3 |  3.9
Evocations     | 1 2 3 |  3.5
Stealth        | |  1.4

Action                   |  1- 3 |  4- 6 |  7- 9 | 10-12 || total
-------------------------+-------+-------+-------+-------++-------
Melee: Dagger            |   113 |    20 |   270 |   192 ||   595
       Trident           |    38 |    10 |       |       ||    48
 Fire: Hunting sling     |       |   119 |    91 |    13 ||   223
Throw: Dart              |       |       |    26 |       ||    26
 Cast: Magic Dart        |    25 |    12 |       |     5 ||    42
       Call Imp          |       |     4 |    18 |       ||    22
       Blink             |       |     1 |     2 |       ||     3
       Summon Small Mamm |       |       |     9 |     7 ||    16
       Mephitic Cloud    |       |       |     6 |       ||     6
Evoke: Wand              |       |     5 |     4 |     6 ||    15
 Stab: Sleeping          |     4 |     1 |     1 |       ||     6
       Distracted        |       |       |     1 |     1 ||     2
       Confused          |       |       |     1 |       ||     1
Armor: Robe              |    48 |    32 |    61 |    48 ||   189
Dodge: Dodged            |    73 |    65 |   165 |    98 ||   401

Table legend: (Time is in decaauts)
 A = Elapsed time spent in this place.
 B = Non-inter-level travel time spent in this place.
 C = Inter-level travel time spent in this place.
 D = Time resting spent in this place.
 E = Time spent auto-exploring this place.
 F = Levels seen in this place.
 G = Mean time per level.
                   A        B        C        D        E       F      G
               +--------+--------+--------+--------+--------+-----+--------+
         Total |  14198 |  13542 |    656 |    733 |  10411 |   9 | 1577.6 |
       Dungeon |  14115 |  13482 |    633 |    733 |  10363 |   8 | 1764.4 |
        Temple |     82 |     59 |     23 |      0 |     48 |   1 |   82.0 |
               +--------+--------+--------+--------+--------+-----+--------+

Top non-repeatable levels by time:
     D:6: 3401 daAuts
     D:4: 2267 daAuts
     D:5: 2171 daAuts
     D:7: 1897 daAuts
     D:2: 1458 daAuts
     D:3: 1390 daAuts
     D:1: 1213 daAuts
     D:8: 314 daAuts
  Temple: 82 daAuts
